[ AOE2 MATCH · #463520233 ]
Team RMSpanish vs Italians
[ REPLAY ANALYSIS · EXTRACTED FROM THE RECORDED GAME ]
Feudal
11:45
Castle
20:33
Imperial
—
| APM avg | 26.3 |
| APM peak | 54 |
| eAPM avg | 9.1 |
| Villagers / military | 69 / 29 |
Focus
⚔️ 25.1% · 🌾 74.9%
Conquistador ×22 · Skirmisher ×5 · Trade Cart ×3 · Monk ×1 · Missionary ×1
Feudal
—
Castle
—
Imperial
—
| APM avg | 28.8 |
| APM peak | 85 |
| eAPM avg | 13.7 |
| Villagers / military | 84 / 163 |
Focus
⚔️ 43.0% · 🌾 57.0%
Obuch ×41 · Scout Cavalry ×39 · Knight ×31 · Skirmisher ×29 · Spearman ×13 · Unknown (882) ×12
Feudal
11:04
Castle
18:31
Imperial
42:45
| APM avg | 34.9 |
| APM peak | 78 |
| eAPM avg | 21.6 |
| Villagers / military | 112 / 122 |
Focus
⚔️ 43.0% · 🌾 57.0%
Knight ×58 · Spearman ×25 · Hand Cannoneer ×16 · Janissary ×15 · Trade Cart ×13 · Scout Cavalry ×5
Feudal
9:36
Castle
21:41
Imperial
37:32
| APM avg | 36.0 |
| APM peak | 103 |
| eAPM avg | 19.8 |
| Villagers / military | 118 / 79 |
Focus
⚔️ 34.9% · 🌾 65.1%
Unknown (882) ×51 · Skirmisher ×28 · Militia ×25 · Archer ×12 · Genoese Crossbowman ×9 · Trebuchet (Packed) ×3
Match map
Initial resources + every placement click. Lines = walls · curves = elevation contours. ◆ gold · ⬟ stone · ● berries · ✦ relic · ◌ wall gap
Your base· Open — unwalled flank
Landroshien's base· Open — unwalled flank
riven's base· Open — unwalled flank
mananga's base· Open — unwalled flank
Smoothed initial terrain · ◌ = detected wall gap · hover for details
Inputs per minute
— Kostek - - Landroshien
Build order — Kostek
First 150 of 176 actions detected
| 0:02 | Build | House |
| 0:03 | Build | House |
| 0:09 | Create | Villager (Male) |
| 0:09 | Create | Villager (Male) |
| 0:09 | Create | Villager (Male) |
| 0:39 | Create | Villager (Male) |
| 1:51 | Create | Villager (Male) |
| 2:19 | Create | Villager (Male) |
| 2:41 | Create | Villager (Male) |
| 2:59 | Create | Villager (Male) |
| 3:29 | Create | Villager (Male) |
| 3:33 | Build | House |
| 3:57 | Create | Villager (Male) |
| 5:04 | Create | Villager (Male) |
| 5:24 | Create | Villager (Male) |
| 6:00 | Create | Villager (Male) |
| 6:30 | Create | Villager (Male) |
| 6:52 | Build | Mill |
| 7:00 | Create | Villager (Male) |
| 7:51 | Create | Villager (Male) |
| 7:58 | Build | House |
| 8:04 | Build | House |
| 8:32 | Create | Villager (Male) |
| 9:03 | Build | Lumber Camp |
| 9:35 | Research | Feudal Age |
| 9:35 | Research | Feudal Age |
| 9:41 | Build | House |
| 9:51 | Build | Mining Camp |
| 10:01 | Create | Villager (Male) |
| 10:33 | Create | Villager (Male) |
| 11:38 | Create | Villager (Male) |
| 11:45 | Age | Feudal Age |
| 11:51 | Build | Blacksmith |
| 12:02 | Build | Market |
| 12:08 | Build | House |
| 12:32 | Research | Loom |
| 14:10 | Build | Watch Tower |
| 14:26 | Create | Villager (Male) |
| 14:30 | Create | Villager (Male) |
| 14:51 | Build | Mining Camp |
| 15:02 | Build | Stone Wall |
| 15:10 | Build | Stone Wall |
| 15:15 | Create | Villager (Male) |
| 17:53 | Research | Castle Age |
| 18:41 | Build | Watch Tower |
| 19:25 | Create | Villager (Male) |
| 19:26 | Create | Villager (Male) |
| 20:33 | Age | Castle Age |
| 20:45 | Build | Farm |
| 20:45 | Build | Farm |
| 20:48 | Build | Farm |
| 20:49 | Build | Farm |
| 21:11 | Build | Farm |
| 21:29 | Build | Farm |
| 22:10 | Create | Villager (Male) |
| 22:56 | Research | Padded Archer Armor |
| 23:00 | Create | Villager (Male) |
| 23:28 | Create | Villager (Male) |
| 23:46 | Build | Castle |
| 23:54 | Create | Villager (Male) |
| 24:41 | Create | Villager (Male) |
| 25:22 | Build | Farm |
| 25:24 | Build | Farm |
| 25:27 | Build | Farm |
| 25:35 | Create | Conquistador |
| 25:52 | Build | Stone Wall |
| 26:04 | Build | Barracks |
| 26:11 | Create | Villager (Male) |
| 26:17 | Create | Conquistador |
| 26:20 | Create | Villager (Male) |
| 26:41 | Build | Stable |
| 26:48 | Create | Conquistador |
| 27:35 | Research | Husbandry |
| 28:34 | Create | Conquistador |
| 28:34 | Create | Conquistador |
| 29:02 | Create | Villager (Male) |
| 29:05 | Build | Town Center |
| 29:08 | Create | Villager (Male) |
| 29:34 | Create | Conquistador |
| 29:34 | Create | Conquistador |
| 31:03 | Create | Conquistador |
| 31:14 | Research | Bloodlines |
| 32:03 | Create | Conquistador |
| 32:05 | Create | Villager (Male) ×3 |
| 32:39 | Build | Farm |
| 32:40 | Create | Villager (Male) |
| 32:40 | Create | Villager (Male) |
| 33:50 | Create | Conquistador ×2 |
| 34:01 | Build | Monastery |
| 34:07 | Build | University |
| 34:25 | Create | Villager (Male) ×4 |
| 34:28 | Build | Town Center |
| 34:42 | Build | Farm |
| 34:42 | Build | Farm |
| 35:01 | Create | Conquistador |
| 35:18 | Build | Farm |
| 35:19 | Build | Farm |
| 35:32 | Create | Villager (Male) |
| 35:33 | Create | Villager (Male) |
| 36:06 | Create | Villager (Male) |
| 36:08 | Build | Farm |
| 36:11 | Research | Double-Bit Axe |
| 36:38 | Build | Archery Range |
| 36:49 | Research | Town Watch |
| 36:52 | Create | Conquistador |
| 36:59 | Create | Monk |
| 37:24 | Research | Horse Collar |
| 37:33 | Build | Barracks |
| 38:22 | Create | Conquistador |
| 38:22 | Create | Conquistador |
| 38:33 | Build | Farm |
| 38:37 | Create | Villager (Male) ×3 |
| 38:42 | Build | Farm |
| 38:45 | Build | Farm |
| 38:50 | Build | Farm |
| 38:54 | Build | Farm |
| 38:57 | Build | Farm |
| 39:00 | Create | Villager (Male) ×2 |
| 39:14 | Create | Trade Cart |
| 39:28 | Create | Villager (Male) ×2 |
| 39:56 | Research | Masonry |
| 40:27 | Create | Conquistador |
| 40:42 | Research | Leather Archer Armor |
| 40:48 | Build | Lumber Camp |
| 41:06 | Build | Farm |
| 41:08 | Research | Murder Holes |
| 41:41 | Create | Conquistador ×2 |
| 43:35 | Research | Thumb Ring |
| 43:37 | Research | Elite Skirmisher (upgrade) |
| 43:48 | Build | Mining Camp |
| 43:53 | Create | Villager (Male) ×5 |
| 43:58 | Build | Lumber Camp |
| 44:03 | Research | Wheelbarrow |
| 44:07 | Research | Fervor |
| 44:17 | Build | Castle |
| 44:32 | Create | Conquistador |
| 44:32 | Create | Conquistador |
| 44:37 | Create | Trade Cart |
| 44:41 | Research | Stone Mining |
| 44:43 | Research | Gold Mining |
| 44:54 | Create | Skirmisher ×2 |
| 45:01 | Build | Mill |
| 45:02 | Build | Farm |
| 45:02 | Build | Farm |
| 45:03 | Build | Farm |
| 45:03 | Build | Farm |
| 45:03 | Build | Farm |
| 45:03 | Build | Farm |
| 45:22 | Create | Conquistador |
| 45:22 | Create | Conquistador |
Build order — Landroshien
First 150 of 398 actions detected
| 0:02 | Build | House |
| 0:03 | Build | House |
| 0:03 | Create | Villager (Male) |
| 0:04 | Create | Villager (Male) |
| 0:04 | Create | Villager (Male) |
| 0:04 | Create | Villager (Male) |
| 0:04 | Create | Villager (Male) |
| 1:38 | Create | Villager (Male) |
| 1:38 | Create | Villager (Male) |
| 1:51 | Build | Lumber Camp |
| 2:01 | Create | Villager (Male) |
| 2:31 | Create | Villager (Male) |
| 3:18 | Create | Villager (Male) |
| 3:18 | Create | Villager (Male) |
| 3:23 | Build | House |
| 4:38 | Create | Villager (Male) |
| 4:38 | Create | Villager (Male) |
| 4:39 | Create | Villager (Male) |
| 4:51 | Build | House |
| 4:56 | Build | Palisade Wall |
| 5:10 | Create | Villager (Male) |
| 6:48 | Create | Villager (Male) |
| 6:48 | Create | Villager (Male) |
| 6:48 | Create | Villager (Male) |
| 6:49 | Create | Villager (Male) |
| 7:28 | Build | Mill |
| 8:31 | Research | Feudal Age |
| 8:38 | Build | Mining Camp |
| 9:00 | Build | Barracks |
| 9:33 | Build | Palisade Wall |
| 10:03 | Build | Farm |
| 10:49 | Build | Stable |
| 11:08 | Build | Palisade Wall |
| 11:11 | Build | Palisade Wall |
| 11:18 | Create | Villager (Male) |
| 11:18 | Create | Villager (Male) |
| 11:19 | Create | Villager (Male) |
| 11:19 | Create | Villager (Male) |
| 11:48 | Build | Palisade Wall |
| 11:53 | Build | Palisade Wall |
| 12:00 | Build | Blacksmith |
| 12:02 | Create | Scout Cavalry |
| 12:02 | Create | Scout Cavalry |
| 12:02 | Create | Scout Cavalry |
| 12:08 | Create | Scout Cavalry |
| 12:27 | Research | Loom |
| 12:58 | Research | Double-Bit Axe |
| 13:04 | Build | Farm |
| 13:09 | Build | House |
| 13:34 | Build | Farm |
| 13:38 | Build | House |
| 13:41 | Create | Villager (Male) |
| 13:42 | Create | Villager (Male) |
| 13:57 | Build | Farm |
| 14:11 | Research | Bloodlines |
| 14:13 | Create | Scout Cavalry |
| 14:14 | Create | Scout Cavalry |
| 14:23 | Build | Farm |
| 14:28 | Build | House |
| 14:51 | Create | Villager (Male) |
| 14:51 | Create | Villager (Male) |
| 14:52 | Create | Villager (Male) |
| 14:58 | Research | Forging |
| 15:11 | Build | Farm |
| 15:22 | Build | Farm |
| 15:39 | Build | Farm |
| 16:05 | Build | Farm |
| 16:08 | Build | Farm |
| 16:21 | Research | Bloodlines |
| 16:24 | Research | Scale Barding Armor |
| 17:34 | Create | Villager (Male) |
| 17:34 | Create | Villager (Male) |
| 17:35 | Create | Villager (Male) |
| 17:35 | Create | Villager (Male) |
| 17:35 | Create | Villager (Male) |
| 17:39 | Build | Farm |
| 17:41 | Build | Farm |
| 18:13 | Build | Archery Range |
| 18:17 | Research | Padded Archer Armor |
| 19:39 | Create | Skirmisher |
| 19:39 | Create | Skirmisher |
| 19:39 | Create | Skirmisher |
| 19:40 | Build | Farm |
| 19:42 | Research | Horse Collar |
| 19:45 | Research | Gold Mining |
| 19:50 | Build | House |
| 19:51 | Build | House |
| 20:31 | Research | Fletching |
| 20:43 | Create | Spearman |
| 20:43 | Create | Spearman |
| 20:44 | Create | Spearman |
| 20:44 | Create | Spearman |
| 20:46 | Create | Spearman |
| 20:57 | Build | Stable |
| 21:10 | Build | Farm |
| 21:13 | Build | Farm |
| 21:15 | Build | Farm |
| 21:17 | Research | Wheelbarrow |
| 21:26 | Build | Market |
| 22:01 | Build | Farm |
| 22:10 | Create | Villager (Male) |
| 22:10 | Create | Villager (Male) |
| 22:10 | Create | Villager (Male) |
| 22:10 | Create | Villager (Male) |
| 22:15 | Build | Mining Camp |
| 22:21 | Build | Mining Camp |
| 22:37 | Create | Villager (Male) |
| 22:38 | Create | Villager (Male) |
| 22:44 | Create | Scout Cavalry |
| 22:44 | Create | Scout Cavalry |
| 23:30 | Build | Farm |
| 23:32 | Build | Farm |
| 23:34 | Build | Farm |
| 23:51 | Create | Villager (Male) |
| 23:51 | Create | Villager (Male) |
| 23:52 | Create | Villager (Male) |
| 23:57 | Create | Scout Cavalry |
| 23:57 | Create | Scout Cavalry |
| 23:58 | Create | Scout Cavalry |
| 23:58 | Create | Scout Cavalry |
| 24:30 | Create | Scout Cavalry |
| 24:30 | Create | Scout Cavalry |
| 24:30 | Create | Scout Cavalry |
| 24:31 | Create | Scout Cavalry |
| 24:53 | Research | Stone Mining |
| 25:01 | Create | Skirmisher |
| 25:01 | Create | Skirmisher |
| 25:10 | Build | House |
| 25:12 | Build | House |
| 25:13 | Build | House |
| 25:32 | Build | Palisade Wall |
| 26:10 | Create | Spearman |
| 26:10 | Create | Spearman |
| 26:11 | Create | Spearman |
| 26:12 | Create | Spearman |
| 26:12 | Create | Spearman |
| 26:30 | Research | Castle Age |
| 26:45 | Build | House |
| 27:03 | Create | Scout Cavalry |
| 27:03 | Create | Scout Cavalry |
| 27:04 | Create | Scout Cavalry |
| 27:04 | Create | Scout Cavalry |
| 27:33 | Build | Lumber Camp |
| 27:42 | Build | House |
| 27:45 | Build | House |
| 27:46 | Build | House |
| 27:48 | Build | House |
| 27:48 | Build | House |
| 27:49 | Build | House |
| 28:25 | Research | Scale Mail Armor |
Build order — riven
First 150 of 385 actions detected
| 0:03 | Build | House |
| 0:05 | Build | House |
| 0:06 | Create | Villager (Male) |
| 0:36 | Create | Villager (Male) |
| 0:42 | Build | House |
| 0:46 | Create | Villager (Male) |
| 1:08 | Create | Villager (Male) |
| 1:47 | Create | Villager (Male) |
| 2:20 | Create | Villager (Male) |
| 2:49 | Create | Villager (Male) |
| 3:25 | Create | Villager (Male) |
| 3:52 | Create | Villager (Male) |
| 4:05 | Create | Villager (Male) |
| 4:57 | Create | Villager (Male) |
| 5:05 | Create | Villager (Male) |
| 5:29 | Build | Mill |
| 5:42 | Create | Villager (Male) |
| 5:51 | Build | Lumber Camp |
| 6:00 | Create | Villager (Male) |
| 6:41 | Create | Villager (Male) |
| 7:07 | Create | Villager (Male) |
| 7:22 | Create | Villager (Male) |
| 7:22 | Research | Loom |
| 8:54 | Research | Feudal Age |
| 9:03 | Build | Mining Camp |
| 9:39 | Build | Farm |
| 9:40 | Build | Farm |
| 9:40 | Build | Farm |
| 11:04 | Age | Feudal Age |
| 11:06 | Create | Villager (Male) |
| 11:17 | Build | House |
| 11:18 | Build | House |
| 11:26 | Create | Villager (Male) |
| 12:03 | Build | House |
| 13:01 | Build | Barracks |
| 13:33 | Build | Market |
| 13:40 | Build | Blacksmith |
| 13:46 | Create | Villager (Male) |
| 13:46 | Create | Villager (Male) |
| 13:50 | Build | Farm |
| 13:50 | Build | Farm |
| 14:09 | Build | Farm |
| 14:33 | Create | Villager (Male) |
| 15:26 | Build | Stable |
| 15:43 | Create | Spearman |
| 15:43 | Create | Spearman |
| 15:51 | Research | Castle Age |
| 15:52 | Research | Castle Age |
| 15:52 | Research | Castle Age |
| 16:07 | Create | Scout Cavalry |
| 16:08 | Create | Scout Cavalry |
| 16:14 | Build | Farm |
| 16:14 | Build | Farm |
| 16:22 | Build | Farm |
| 16:35 | Create | Scout Cavalry |
| 17:08 | Create | Scout Cavalry |
| 17:26 | Create | Scout Cavalry |
| 17:33 | Create | Villager (Male) |
| 17:42 | Build | Farm |
| 17:42 | Build | Farm |
| 17:43 | Build | Farm |
| 18:09 | Create | Villager (Male) |
| 18:09 | Create | Villager (Male) |
| 18:31 | Age | Castle Age |
| 18:34 | Build | Mining Camp |
| 18:38 | Create | Knight |
| 19:07 | Build | Farm |
| 19:19 | Create | Villager (Male) |
| 19:19 | Create | Villager (Male) |
| 19:55 | Create | Knight |
| 19:55 | Create | Knight |
| 20:07 | Build | House |
| 20:08 | Build | House |
| 20:10 | Create | Villager (Male) |
| 20:31 | Create | Villager (Male) |
| 20:37 | Build | House |
| 21:05 | Research | Husbandry |
| 21:30 | Build | Farm |
| 21:45 | Create | Knight |
| 21:46 | Create | Knight |
| 22:35 | Create | Knight |
| 22:35 | Create | Knight |
| 23:11 | Build | Farm |
| 23:16 | Build | Farm |
| 23:16 | Build | Farm |
| 23:16 | Build | Farm |
| 23:25 | Create | Knight |
| 23:25 | Create | Knight |
| 23:59 | Build | Castle |
| 24:01 | Create | Villager (Male) |
| 24:01 | Create | Villager (Male) |
| 24:19 | Build | Town Center |
| 24:28 | Create | Villager (Male) |
| 24:34 | Create | Villager (Male) |
| 24:39 | Build | Farm |
| 25:08 | Build | Farm |
| 25:12 | Create | Villager (Male) |
| 25:13 | Create | Villager (Male) |
| 26:11 | Build | Mining Camp |
| 26:14 | Create | Knight |
| 26:14 | Create | Knight |
| 26:58 | Build | Town Center |
| 27:02 | Create | Villager (Male) |
| 27:02 | Create | Villager (Male) |
| 27:02 | Create | Villager (Male) |
| 27:09 | Create | Knight |
| 27:09 | Create | Knight |
| 27:18 | Research | Squires |
| 27:19 | Create | Spearman |
| 27:19 | Create | Spearman |
| 27:32 | Research | Stone Mining |
| 27:33 | Research | Gold Mining |
| 27:59 | Create | Villager (Male) |
| 27:59 | Create | Villager (Male) |
| 28:00 | Build | Farm |
| 28:00 | Build | Farm |
| 28:15 | Build | Farm |
| 28:15 | Build | Farm |
| 28:21 | Create | Villager (Male) |
| 28:21 | Create | Villager (Male) |
| 28:39 | Create | Villager (Male) |
| 28:39 | Create | Villager (Male) |
| 29:27 | Create | Knight |
| 29:27 | Create | Knight |
| 29:27 | Create | Knight |
| 30:31 | Create | Villager (Male) |
| 30:31 | Create | Villager (Male) |
| 30:51 | Create | Villager (Male) |
| 30:51 | Create | Villager (Male) |
| 30:55 | Create | Villager (Male) |
| 30:55 | Create | Villager (Male) |
| 30:56 | Create | Villager (Male) |
| 31:03 | Build | Farm |
| 31:03 | Build | Farm |
| 31:03 | Build | Farm |
| 31:32 | Build | Town Center |
| 31:38 | Create | Villager (Male) |
| 31:38 | Create | Villager (Male) |
| 31:43 | Build | Farm |
| 31:43 | Build | Farm |
| 31:46 | Create | Villager (Male) |
| 31:47 | Create | Villager (Male) |
| 32:17 | Create | Villager (Male) |
| 32:17 | Create | Villager (Male) |
| 32:27 | Create | Villager (Male) |
| 32:28 | Create | Villager (Male) |
| 32:33 | Create | Trade Cart |
| 32:33 | Create | Trade Cart |
| 32:34 | Create | Trade Cart |
| 33:12 | Create | Knight |
Build order — mananga
First 150 of 401 actions detected
| 0:03 | Build | House |
| 0:05 | Build | House |
| 0:07 | Create | Villager (Male) |
| 0:07 | Create | Villager (Male) |
| 0:07 | Create | Villager (Male) |
| 0:35 | Create | Villager (Male) |
| 1:15 | Create | Villager (Male) |
| 1:56 | Create | Villager (Male) |
| 2:02 | Build | Lumber Camp |
| 2:22 | Create | Villager (Male) |
| 3:04 | Create | Villager (Male) |
| 3:21 | Create | Villager (Male) |
| 3:42 | Build | House |
| 3:58 | Create | Villager (Male) |
| 4:05 | Build | House |
| 4:31 | Create | Villager (Male) |
| 5:12 | Build | Mill |
| 5:17 | Create | Villager (Male) |
| 5:46 | Create | Villager (Male) |
| 5:51 | Create | Villager (Male) |
| 6:13 | Create | Villager (Male) |
| 6:42 | Research | Loom |
| 7:19 | Research | Feudal Age |
| 7:34 | Build | Mining Camp |
| 8:41 | Build | Barracks |
| 9:14 | Create | Villager (Male) |
| 9:29 | Build | House |
| 9:31 | Create | Militia |
| 9:32 | Create | Militia |
| 9:33 | Create | Militia |
| 9:36 | Age | Feudal Age |
| 9:40 | Create | Villager (Male) |
| 9:54 | Research | Man-at-Arms (upgrade) |
| 10:08 | Build | Farm |
| 10:12 | Research | Double-Bit Axe |
| 10:19 | Build | Farm |
| 10:41 | Create | Villager (Male) |
| 11:12 | Create | Villager (Male) |
| 11:16 | Build | Farm |
| 11:46 | Build | Archery Range |
| 11:57 | Create | Villager (Male) |
| 11:57 | Create | Villager (Male) |
| 12:58 | Create | Villager (Male) |
| 12:58 | Create | Villager (Male) |
| 13:01 | Build | Farm |
| 13:03 | Build | House |
| 13:04 | Build | House |
| 13:22 | Create | Skirmisher |
| 13:22 | Create | Skirmisher |
| 13:25 | Create | Villager (Male) |
| 13:30 | Build | Farm |
| 13:33 | Build | Farm |
| 13:54 | Create | Villager (Male) |
| 13:54 | Create | Villager (Male) |
| 14:06 | Build | Farm |
| 14:08 | Research | Horse Collar |
| 14:20 | Build | House |
| 14:37 | Build | Palisade Wall |
| 14:46 | Build | Farm |
| 15:02 | Build | Palisade Wall |
| 15:06 | Create | Villager (Male) |
| 15:07 | Create | Villager (Male) |
| 15:37 | Build | Farm |
| 15:40 | Build | Farm |
| 16:02 | Create | Archer |
| 16:08 | Create | Villager (Male) |
| 16:18 | Build | Farm |
| 16:18 | Build | Farm |
| 16:20 | Build | Farm |
| 16:31 | Build | Farm |
| 16:33 | Build | Farm |
| 16:38 | Build | Farm |
| 16:42 | Create | Villager (Male) |
| 16:49 | Build | Farm |
| 17:04 | Create | Archer |
| 17:04 | Create | Archer |
| 17:12 | Create | Villager (Male) |
| 17:22 | Build | Farm |
| 17:37 | Create | Villager (Male) |
| 17:42 | Build | Farm |
| 18:11 | Create | Villager (Male) |
| 18:19 | Build | Blacksmith |
| 18:29 | Build | House |
| 18:33 | Create | Villager (Male) |
| 19:01 | Research | Castle Age |
| 19:11 | Build | House |
| 19:18 | Build | House |
| 19:38 | Build | Market |
| 19:54 | Create | Archer |
| 19:55 | Create | Archer |
| 19:56 | Create | Archer |
| 20:19 | Research | Gold Mining |
| 20:40 | Build | Farm |
| 21:41 | Age | Castle Age |
| 21:42 | Build | Archery Range |
| 21:49 | Create | Villager (Male) |
| 21:49 | Create | Villager (Male) |
| 21:50 | Create | Villager (Male) |
| 21:51 | Create | Villager (Male) |
| 22:01 | Build | House |
| 22:05 | Build | House |
| 22:11 | Build | House |
| 22:18 | Build | House |
| 22:20 | Build | House |
| 22:31 | Build | House |
| 22:48 | Build | House |
| 24:14 | Build | House |
| 24:21 | Build | Palisade Wall |
| 24:26 | Create | Villager (Male) |
| 24:26 | Create | Villager (Male) |
| 24:26 | Create | Villager (Male) |
| 24:27 | Create | Villager (Male) |
| 24:27 | Create | Villager (Male) |
| 24:27 | Create | Villager (Male) |
| 24:34 | Research | Crossbowman (upgrade) |
| 24:59 | Build | Lumber Camp |
| 25:18 | Build | Farm |
| 25:22 | Create | Villager (Male) |
| 25:22 | Create | Villager (Male) |
| 25:39 | Research | Bow Saw |
| 25:49 | Create | Archer |
| 25:49 | Create | Archer |
| 25:49 | Create | Archer |
| 25:49 | Create | Archer |
| 25:50 | Create | Archer |
| 25:50 | Create | Archer |
| 26:03 | Research | Fletching |
| 26:04 | Research | Padded Archer Armor |
| 26:36 | Build | Town Center |
| 26:42 | Create | Villager (Male) |
| 26:42 | Create | Villager (Male) |
| 27:05 | Build | Farm |
| 27:08 | Build | Farm |
| 27:28 | Build | Town Center |
| 27:51 | Create | Skirmisher |
| 27:52 | Create | Skirmisher |
| 28:11 | Create | Skirmisher |
| 28:12 | Create | Skirmisher |
| 28:31 | Research | Elite Skirmisher (upgrade) |
| 28:38 | Research | Elite Skirmisher (upgrade) |
| 28:57 | Research | Leather Archer Armor |
| 29:24 | Create | Villager (Male) |
| 29:24 | Create | Villager (Male) |
| 29:47 | Create | Villager (Male) |
| 29:48 | Create | Villager (Male) |
| 29:58 | Create | Villager (Male) |
| 29:58 | Create | Villager (Male) |
| 29:59 | Create | Villager (Male) |
| 30:03 | Build | Farm |
| 30:14 | Create | Skirmisher |
Match timeline
| 4:56 | Landroshien · wall_segment Palisade Wall x8 |
| 8:41 | mananga · first_building Barracks |
| 9:00 | Landroshien · first_building Barracks |
| 9:33 | Landroshien · wall_segment Palisade Wall x12 |
| 9:36 | mananga · age_up feudal |
| 10:49 | Landroshien · first_building Stable |
| 11:04 | riven · age_up feudal |
| 11:08 | Landroshien · wall_segment Palisade Wall x7 |
| 11:11 | Landroshien · wall_segment Palisade Wall x1 |
| 11:45 | Kostek · age_up feudal |
| 11:46 | mananga · first_building Archery Range |
| 11:48 | Landroshien · wall_segment Palisade Wall x3 |
| 11:53 | Landroshien · wall_segment Palisade Wall x2 |
| 13:01 | riven · first_building Barracks |
| 14:37 | mananga · wall_segment Palisade Wall x8 |
| 15:02 | mananga · wall_segment Palisade Wall x7 |
| 15:02 | Kostek · wall_segment Stone Wall x4 |
| 15:10 | Kostek · wall_segment Stone Wall x7 |
| 15:17 | riven · first_market_buy 100 wood |
| 15:26 | riven · first_building Stable |
| 18:13 | Landroshien · first_building Archery Range |
| 18:31 | riven · age_up castle |
| 20:33 | Kostek · age_up castle |
| 21:41 | mananga · age_up castle |
| 23:46 | Kostek · first_building Castle |
| 23:59 | riven · first_building Castle |
| 24:07 | Landroshien · first_market_buy 100 food |
| 24:21 | mananga · wall_segment Palisade Wall x1 |
| 25:32 | Landroshien · wall_segment Palisade Wall x17 |
| 25:37 | mananga · first_market_buy 100 wood |
| 25:52 | Kostek · wall_segment Stone Wall x9 |
| 26:04 | Kostek · first_building Barracks |
| 26:41 | Kostek · first_building Stable |
| 30:53 | Landroshien · first_market_sell 100 wood |
| 33:41 | mananga · first_building Monastery |
| 34:01 | Kostek · first_building Monastery |
| 35:59 | Landroshien · first_building Castle |
| 36:38 | Kostek · first_building Archery Range |
| 36:45 | riven · wall_segment Stone Wall x8 |
| 37:23 | riven · wall_segment Stone Wall x8 |
| 37:32 | mananga · age_up imperial |
| 37:38 | riven · wall_segment Stone Wall x9 |
| 38:33 | riven · wall_segment Stone Wall x8 |
| 38:45 | Landroshien · first_building Siege Workshop |
| 39:20 | riven · wall_segment Stone Wall x5 |
| 39:29 | Landroshien · first_building Monastery |
| 40:15 | riven · wall_segment Stone Wall x1 |
| 42:41 | mananga · first_building Castle |
| 42:45 | riven · age_up imperial |
| 46:12 | riven · first_building Archery Range |
| 46:57 | mananga · first_market_sell 100 wood |
| 51:43 | riven · first_market_sell 100 food |
| 52:25 | Kostek · resign |
[ AI ANALYSIS · 1 CREDIT ]
What really happened in this match?
Wolo.gg analyzes every decision: build order, eco, micro, common mistakes by bracket. Personalized analysis on WhatsApp or Discord in 30 seconds.
Civ guide
Spanish
Map guide
Arabia
Perfil
Jugador #22107052